 Dungeon Crawl Stone Soup version 0.20.0-15-g7f486f2 (webtiles) character file.

862 ANON1729 the Destroyer (level 8, -2/41 HPs)
             Began as a Tengu Conjurer on June 28, 2017.
             Killed by divine providence
             ... invoked by an orc priest
              (14 damage)
             ... on level 5 of the Dungeon.
             The game lasted 00:23:42 (4807 turns).

ANON1729 the Destroyer (Tengu Conjurer)             Turns: 4807, Time: 00:23:43

Health: -2/41      AC:  5    Str:  8    XL:     8   Next: 2%
Magic:  16/26      EV: 12    Int: 18    God:
Gold:   229        SH:  0    Dex: 19    Spells: 15/18 levels left

rFire    . . .     SeeInvis .   j - -2 short sword (curse)
rCold    . . .     Gourm    .   (no shield)
rNeg     . . .     Faith    .   G - +2 leather armour {rPois}
rPois    +         Spirit   .   (helmet restricted)
rElec    .         Reflect  .   (no cloak)
rCorr    .         Harm     .   (no gloves)
MR       .....                  (boots unavailable)
Stlth    ++........             n - amulet of rage
Regen    0.2/turn               k - ring of magical power
MPRegen  0.2/turn               y - +4 ring of dexterity

@: no status effects
A: beak, talons 3, able to fly 1
a: Fly, Evoke Berserk Rage


You were on level 5 of the Dungeon.
You were not hungry.

You visited 1 branch of the dungeon, and saw 5 of its levels.

You collected 229 gold pieces.

Inventory:

Hand Weapons
 f - a cursed -2 club
 j - a cursed -2 short sword (weapon)
 r - a +0 quarterstaff
 u - a +2 dagger of electrocution
 A - a cursed -3 rapier
 F - a +0 club
Armour
 a - a +0 robe
 G - a +2 leather armour of poison resistance (worn)
Jewellery
 k - a ring of magical power (left hand)
 n - an amulet of rage (around neck)
 y - a +4 ring of dexterity (right hand)
Wands
 v - a wand of random effects (28/48)
 D - a wand of enslavement (19/24)
 J - a wand of polymorph (0/24)
Scrolls
 m - 3 scrolls of remove curse
 o - a scroll of teleportation {unknown}
 q - 4 scrolls of magic mapping
 s - 5 scrolls of fog
 w - 2 scrolls of immolation
 z - 2 scrolls of random uselessness {unknown}
 B - 2 scrolls of identify
 C - a scroll of fear {unknown}
 E - a scroll of amnesia {unknown}
 H - a scroll of enchant armour {unknown}
Potions
 e - 4 potions of curing
 g - a potion of agility {unknown}
 i - a potion of might
 l - a potion of invisibility {unknown}
 t - 3 potions of heal wounds {unknown}
Books
 b - a book of Conjurations

   Spells                             Type                      Level
   a - Magic Dart                     Conjuration                  1
   b - Searing Ray                    Conjuration                  2
   c - Dazzling Spray                 Conjuration/Hexes            3
   d - Fulminant Prism                Conjuration/Hexes            4
   e - Force Lance                    Conjuration/Translocation    4
   f - Iskenderun's Mystic Blast      Conjuration                  4
 x - a book of Misfortune

   Spells                             Type                      Level
   a - Confusing Touch                Hexes                        1
   b - Confuse                        Hexes                        3
   c - Gell's Gravitas                Translocation                3
   d - Petrify                        Transmutation/Earth          4
   e - Metabolic Englaciation         Hexes/Ice                    5
   f - Yara's Violent Unravelling     Hexes/Transmutation          5
 I - a book of Geomancy

   Spells                             Type                      Level
   a - Sandblast                      Earth                        1
   b - Passwall                       Transmutation/Earth          2
   c - Stone Arrow                    Conjuration/Earth            3
   d - Petrify                        Transmutation/Earth          4
   e - Lee's Rapid Deconstruction     Earth                        5
 L - a book of Changes

   Spells                             Type                      Level
   a - Beastly Appendage              Transmutation                1
   b - Sticks to Snakes               Transmutation                2
   c - Spider Form                    Transmutation/Poison         3
   d - Ice Form                       Ice/Transmutation            4
   e - Blade Hands                    Transmutation                5
Comestibles
 c - 4 bread rations
 d - 2 meat rations
 h - 8 fruits
 p - 4 royal jellies
 K - a chunk of flesh


   Skills:
 - Level 2.1 Dodging
 - Level 2.0 Stealth
 + Level 5.7 Spellcasting
 + Level 9.9 Conjurations


You had 15 spell levels left.
You knew the following spells:

 Your Spells              Type           Power        Failure   Level  Hunger
a - Magic Dart            Conj           ####         1%          1    None
b - Searing Ray           Conj           #####.       1%          2    None


Dungeon Overview and Level Annotations

Branches:
Dungeon (5/15)
 Temple: D:4-7

Altars:

Shops:
D:4 [

Annotations:
D:5 Blork the orc


Innate Abilities, Weirdness & Mutations

You have a beak for a mouth.
You have claws for feet.
You can fly.


Message History

Beogh smites you!
* * * LOW HITPOINT WARNING * * *
Blork the orc looks satisfied for a moment.
The searing ray hits the orc priest.
The orc priest is severely wounded.
The orc priest hits you but does no damage.
The searing ray hits the orc priest.
You kill the orc priest!
You have reached level 8!
You feel clever.
You feel better.
There is an open door here.
You close the door.
An orc priest opens the door.
It is wielding a club.
The orc priest invokes the aid of Beogh against you.
Beogh smites you!
* * * LOW HITPOINT WARNING * * *
The orc priest calls down the wrath of Beogh upon you.
Beogh smites you!
You die...

#.####.).....###.# ..
#.#..#.......###.# ...
#.#..#.........#.############....
#(#.........................'....
#)#.>.........5......5......#
)..............#[##########.#
........<......#.# #...# ...
...............#.# #...# #....
...............#@# #...# ..###
.....).........#.# #...# #.#
.......#.......#.# #...#####.###
.......#...(...#.# #...#........
...............#.####...#.....)..
.#............#.o..#...#........
............#.o..'...[........
#............#....#...#........
#............#....#...######...


You could see Blork the orc and an orc priest.

Vanquished Creatures
  2 ogres
  2 scorpions (D:5)
  2 crimson imps
  A jelly (D:5)
  An orc priest (D:5)
  A hound (D:4)
  An iguana (D:4)
  Jessica (D:2)
  Ijyb (D:5)
  2 worker ants (D:4)
  3 orc wizards (D:5)
  A hound zombie (D:5)
  A worker ant zombie (D:5)
  8 adders
  2 shadow imps (D:5)
  An ooze (D:2)
  3 worms
  4 dart slugs
  6 leopard geckos
  8 orcs
  10 bats
  5 giant cockroaches
  6 goblins
  7 hobgoblins
  4 jackals
  8 kobolds
  A quokka (D:4)
  A ball python (D:3)
  5 frilled lizards
  A giant cockroach zombie (D:5)
  9 rats
108 creatures vanquished.

Notes
Turn   | Place    | Note
-------+----------+-------------------------------------------
     0 | D:1      | ANON1729 the Tengu Conjurer began the quest for the Orb.
     0 | D:1      | Reached XP level 1. HP: 10/10 MP: 4/4
   299 | D:1      | Reached XP level 2. HP: 15/15 MP: 3/6
   304 | D:1      | Learned a level 2 spell: Searing Ray
   387 | D:1      | Reached skill level 6 in Conjurations
   777 | D:1      | Reached XP level 3. HP: 19/19 MP: 7/7
  1200 | D:2      | Noticed Jessica
  1205 | D:2      | Killed Jessica
  1205 | D:2      | Reached skill level 7 in Conjurations
  1205 | D:2      | Reached XP level 4. HP: 5/24 MP: 7/8
  1974 | D:3      | Gained mutation: You can fly. [Tengu growth]
  1974 | D:3      | Reached XP level 5. HP: 28/28 MP: 1/10
  2251 | D:3      | Reached skill level 8 in Conjurations
  2821 | D:4      | Reached XP level 6. HP: 32/32 MP: 12/12
  2845 | D:4      | Found Gufedade's Antique Armour Shoppe.
  3557 | D:5      | Entered Level 5 of the Dungeon
  3605 | D:5      | Noticed Ijyb
  3614 | D:5      | Killed Ijyb
  3738 | D:5      | Reached skill level 9 in Conjurations
  3738 | D:5      | Reached XP level 7. HP: 36/36 MP: 14/14
  4046 | D:5      | Reached skill level 5 in Spellcasting
  4288 | D:5      | Noticed Blork the orc
  4794 | D:5      | Reached XP level 8. HP: 12/41 MP: 14/17
  4807 | D:5      | Killed from afar by an orc priest

Skill      XL: |  1  2  3  4  5  6  7 |
---------------+----------------------+-----
Conjurations   | 6 7 8 9 |  9.9
Spellcasting   | 3 4 5 |  5.7
Dodging        | |  2.1
Stealth        | |  2.0

Action                   |  1- 3 |  4- 6 |  7- 9 || total
-------------------------+-------+-------+-------++-------
Melee: Unarmed           |     1 |       |    10 ||    11
       Short sword       |    17 |    11 |       ||    28
       Kick              |     4 |     4 |       ||     8
       Peck              |     2 |     4 |       ||     6
 Cast: Magic Dart        |    47 |   111 |    43 ||   201
       Searing Ray       |     5 |    18 |     7 ||    30
  Use: Scroll            |     6 |     1 |       ||     7
       Potion            |       |       |     1 ||     1
 Stab: Sleeping          |     1 |       |       ||     1
  Eat: Chunk             |     2 |     8 |     1 ||    11
       Meat ration       |       |       |     1 ||     1
Armor: Robe              |     8 |     5 |       ||    13
       Leather armour    |       |       |     1 ||     1
Dodge: Dodged            |    19 |    25 |    15 ||    59
